 Dungeon Crawl Stone Soup version 0.25-a0-516-g7d600cd (webtiles) character file.

Game seed: 17781903326379425433, levelgen mode: deterministic

6916 Firecrotchwizard the Basher (level 11, 0/71 HPs)
             Began as a Gargoyle Gladiator on Feb 17, 2020.
             Was a Priest of Makhleb.
             Slain by a komodo dragon (3 damage)
             ... on level 2 of the Lair of Beasts.
             The game lasted 00:20:49 (10303 turns).

Firecrotchwizard the Basher (Gargoyle Gladiator)   Turns: 10303, Time: 00:20:50

Health: 0/71       AC: 25    Str: 25    XL:     11   Next: 7%
Magic:  0/23       EV:  8    Int:  9    God:    Makhleb [***...]
Gold:   456        SH:  0    Dex: 11    Spells: 10/10 levels left

rFire    . . .     SeeInvis .   E - +3 flail (holy)
rCold    . . .     Gourm    .   (no shield)
rNeg     + . .     Faith    .   A - +0 plate armour
rPois    ∞         Spirit   +   c - +2 helmet
rElec    +         Reflect  .   M - scarf {Spirit}
rCorr    .         Harm     .   (no gloves)
MR       .....                  (no boots)
Stlth    ..........             v - amulet of guardian spirit {Spirit}
HPRegen  0.21/turn              x - ring of magical power {MP+9}
MPRegen  0.18/turn              y - +4 ring of strength

@: no status effects
A: negative energy resistance 1, electricity resistance, unbreathing,
petrification resistance, rot immunity, AC +8
a: Minor Destruction, Lesser Servant of Makhleb, Renounce Religion


You were on level 2 of the Lair of Beasts.
You worshipped Makhleb.
Makhleb was most pleased with you.
You were hungry.

You visited 3 branches of the dungeon, and saw 12 of its levels.
You also visited: Ossuary.

You collected 520 gold pieces.
You spent 64 gold pieces at shops.

Inventory:

Hand Weapons
 a - a +0 flail
 E - a +3 flail of holy wrath (weapon)
   (You took it off a gnoll on level 8 of the Dungeon)
 L - a +1 morningstar
   (You took it off a wight on level 9 of the Dungeon)
Missiles
 d - 2 throwing nets {=f, !d}
 t - 61 poisoned darts
Armour
 b - a +0 leather armour
 c - a +2 helmet (worn)
 m - a +0 chain mail
   (You found it on level 1 of the Dungeon)
 n - a +0 chain mail of cold resistance
   (You took it off Duvessa on level 5 of the Dungeon)
 A - a +0 plate armour (worn)
   (You found it on level 9 of the Dungeon)
 C - the +1 ring mail of Darkness {+Blink rElec Str+4}
   (You found it on level 6 of the Dungeon)

   It affects your strength (+4).
   It insulates you from electricity.
   It lets you blink.
   If you switch to wearing this armour, your AC will decrease by 6 (25 -> 19).
 H - a +0 troll leather armour {regen}
   (You found it on level 8 of the Dungeon)
 M - a scarf of spirit shield (worn)
   (You found it on level 9 of the Dungeon)
Jewellery
 g - an uncursed ring of resist corrosion
   (You found it on level 2 of the Dungeon)
 v - an amulet of guardian spirit (around neck) {Spirit}
   (You found it on level 4 of the Dungeon)
 x - a ring of magical power (left hand) {MP+9}
   (You found it on level 5 of the Dungeon)
 y - a +4 ring of strength (right hand)
   (You found it on level 5 of the Dungeon)
Wands
 p - a wand of acid (6)
   (You found it on level 4 of the Dungeon)
 w - a wand of disintegration (12)
   (You found it on level 4 of the Dungeon)
 z - a wand of random effects (23)
   (You found it on level 5 of the Dungeon)
 K - a wand of paralysis (9)
   (You found it on level 9 of the Dungeon)
 N - a wand of flame (20)
   (You found it on level 9 of the Dungeon)
 P - a wand of polymorph (6)
   (You found it on level 1 of the Lair of Beasts)
Scrolls
 i - 7 scrolls of teleportation
 o - 5 scrolls of enchant weapon
 B - 2 scrolls of remove curse
 D - 8 scrolls of identify
 G - a scroll of magic mapping {!r}
 I - a scroll of fog
 J - a scroll of amnesia
 Q - a scroll of blinking {!r}
 R - a scroll of fear {unknown}
Potions
 e - 3 potions of flight
 h - a potion of agility {unknown}
 j - 7 potions of curing
 k - 4 potions of might {unknown}
 l - 3 potions of berserk rage {!q}
 q - a potion of brilliance {unknown}
 r - 2 potions of magic {unknown}
 s - 2 potions of lignification {unknown}
 u - a potion of mutation {unknown}
 F - a potion of invisibility {unknown}
Comestibles
 f - 25 rations


   Skills:
 + Level 9.0 Fighting
 * Level 11.5 Maces & Flails
 - Level 1.7 Throwing
 + Level 8.7 Armour
 - Level 2.4 Dodging
 + Level 5.0 Invocations


You had 10 spell levels left.
You didn't know any spells.
Your spell library was empty.

Dungeon Overview and Level Annotations

Branches:
Dungeon (9/15)             Temple (1/1) D:6            Lair (2/6) D:8
Ossuary (visited)
  Swamp: Lair:2-4    Shoals: Lair:2-4     Snake: Lair:2-4    Spider: Lair:2-4
    Orc: D:9-12

Altars:
Ashenzari
Cheibriados
Dithmenos
Elyvilon
Fedhas
Gozag
Hepliaklqana
Kikubaaqudgha
Makhleb
Nemelex Xobeh
Okawaru
Qazlal
Ru
Sif Muna
Trog
Uskayaw
Vehumet
Wu Jian
Xom
Yredelemnul
Zin
The Shining One

Shops:
D:4 (**   D:7 !


Innate Abilities, Weirdness & Mutations

You are resistant to torment.
Your stone body is resilient. (AC +8)
You are immune to poison.
You resist negative energy. (rN+)
You are resistant to electric shocks. (rElec)
You can survive without breathing.
You are immune to petrification.
You are immune to rotting.


Message History

You barely miss the bullfrog.
The bullfrog hits you but does no damage.
You sock the bullfrog!
You kill the bullfrog!
Makhleb accepts your kill.
No target in view!
You may need something to eat soon, looking for food.
Can't find anything matching that.
Okay, then.
You butcher the bullfrog corpse.
O - a chunk of flesh {@w0} You see here a bullfrog skeleton. x2
Eating a chunk of flesh {@w0}.
You eat the chunk of flesh {@w0}.
You now have 456 gold pieces (gained 12).
You see here 7 stones.
There is an open door here.
Done exploring.
Done exploring.
No target in view!
Done exploring.
Done exploring.
(D) Dungeon (T) Temple (L) Lair
Where to? (Enter - Lair:1, ? - help)
You are feeling hungry.
You may need something to eat soon, looking for food.
Can't find anything matching that.
Okay, then.
Done exploring.
Done exploring.
(D) Dungeon (T) Temple (L) Lair
Where to? (Enter - Lair:2, ? - help)
There is a stone staircase leading down here.
You climb downwards.
A basilisk comes into view.
There is a stone staircase leading up here.
A basilisk is nearby!
You hit the basilisk but do no damage. You hit the basilisk.
The basilisk bites you but does no damage.
You closely miss the basilisk. The basilisk gazes at you.
You are unaffected.
You closely miss the basilisk. The basilisk barely misses you.
You barely miss the basilisk. The basilisk closely misses you.
You closely miss the basilisk. The basilisk gazes at you.
You resist with some effort.
You sock the basilisk!
The basilisk bites you but does no damage.
You sock the basilisk! You completely miss the basilisk.
The basilisk closely misses you.
You closely miss the basilisk. The basilisk gazes at you.
You resist with some effort.
You closely miss the basilisk.
The basilisk bites you but does no damage.
You bludgeon the basilisk!!
You kill the basilisk!
Makhleb accepts your kill.
Your Invocations skill increases to level 5!
No target in view!
You may need something to eat soon, looking for food.
Can't find anything matching that.
Okay, then.
A komodo dragon comes into view.
The komodo dragon hisses angrily.
You see here a scroll of teleportation.
A komodo dragon is nearby!
A komodo dragon is nearby!
i - 7 scrolls of teleportation (gained 1)
The komodo dragon bites you but does no damage.
You hit the komodo dragon. The komodo dragon barely misses you.
You closely miss the komodo dragon. The komodo dragon bites you!
You take 12 damage, and have 59/71 hp.
You now have 19/23 mp.
You barely miss the komodo dragon.
The komodo dragon bites you but does no damage.
You hit the komodo dragon. The komodo dragon misses you.
You barely miss the komodo dragon. The komodo dragon bites you.
You take 3 damage, and have 57/71 hp.
You now have 18/23 mp.
Your plate armour prevents you from hitting the komodo dragon.
You barely miss the komodo dragon. The komodo dragon bites you!
You take 8 damage, and have 49/71 hp.
You now have 16/23 mp.
You hit the komodo dragon. The komodo dragon bites you!
You take 9 damage, and have 40/71 hp.
You now have 13/23 mp.
You sock the komodo dragon! The komodo dragon bites you!
You take 7 damage, and have 33/71 hp.
You now have 12/23 mp.
You closely miss the komodo dragon. The komodo dragon bites you!!
* * * LOW HITPOINT WARNING * * *
You take 15 damage, and have 18/71 hp.
MASSIVE DAMAGE!!
You now have 6/23 mp.
A demon appears!
The komodo dragon bites you!
* * * LOW HITPOINT WARNING * * *
You take 15 damage, and have 3/71 hp.
MASSIVE DAMAGE!!
You now have 1/23 mp.
Your neqoxec hits the komodo dragon. You completely miss the komodo dragon.
You sock the komodo dragon! The komodo dragon bites you.
You die...

....# ....# ....
...# ... #.# ##
#.### .#####
##lP.###....P#
#P3@.##......##
#....##........
#...#............
#.............#
#...#.#....†..#
.......#.#.<...#
....................
...............^....
..............#.#P.


You could see a komodo dragon and a friendly neqoxec.

Vanquished Creatures
  A two-headed ogre (D:8)
  A spiny frog (Lair:1)
  A troll (D:8)
  A hippogriff (D:9)
  A wyvern (Lair:1)
  A spriggan (D:9)
  A basilisk (Lair:2)
  3 yaks (Lair:1)
  A hungry ghost (D:7)
  Menkaure (D:6)
  4 water moccasins
  Duvessa (D:5)
  2 orc warriors
  2 ice beasts
  2 sky beasts
  2 black bears (D:7)
  A hornet zombie (D:6)
  2 necrophages
  A wolf (D:8)
  A centaur (D:6)
  5 ogres
  A crocodile (Lair:1)
  4 bullfrogs
  A water moccasin zombie (D:5)
  A gnoll sergeant (D:7)
  Dowan (D:5)
  A scorpion (D:8)
  3 wights (D:9)
  An electric eel (D:8)
  3 howler monkeys
  2 crimson imps (D:5)
  3 centaur zombies
  A bullfrog zombie (D:9)
  8 hounds
  3 orc priests
  2 jellies
  A human zombie (Ossuary)
  3 bullfrog skeletons
  2 centaur skeletons
  2 iguanas (D:7)
  7 orc wizards
  5 worker ants
  A killer bee zombie (D:9)
  A hound zombie (D:6)
  3 mummies (Ossuary)
  6 gnolls
  2 river rats (D:3)
  13 adders
  2 shadow imps
  An ooze (D:3)
  An adder zombie (Ossuary)
  A worm (D:4)
  A dart slug (D:1)
  3 leopard geckos
  30 orcs
  7 giant cockroaches
  A gnoll zombie (Ossuary)
  12 goblins
  9 hobgoblins
  9 jackals
  7 quokkas
  5 ball pythons
  2 bats (D:1)
  5 frilled lizards
  A giant cockroach zombie (D:5)
  2 goblin zombies (Ossuary)
  A hobgoblin zombie (Ossuary)
  A jackal skeleton (D:8)
  8 kobolds
  3 kobold zombies (Ossuary)
  An orc zombie (Ossuary)
  5 quokka zombies (Ossuary)
  7 rats
  3 rat zombies (Ossuary)
244 creatures vanquished.

Notes
Turn   | Place    | Note
-------+----------+-------------------------------------------
     0 | D:1      | Firecrotchwizard the Gargoyle Gladiator began the quest for
                  | the Orb.
     0 | D:1      | Reached XP level 1. HP: 12/12 MP: 1/1
   315 | D:1      | Reached XP level 2. HP: 16/18 MP: 2/2
   798 | D:1      | Reached skill level 1 in Armour
  1043 | D:1      | Reached XP level 3. HP: 22/22 MP: 3/3
  1520 | D:2      | Reached skill level 3 in Fighting
  1520 | D:2      | Reached skill level 4 in Maces & Flails
  1520 | D:2      | Reached XP level 4. HP: 15/28 MP: 4/4
  1746 | D:2      | You fall into a shaft and drop 2 floors!
  1746 | D:4      | Found Billony's Antique Weapon Shoppe.
  1764 | D:4      | Reached skill level 2 in Armour
  1782 | D:4      | Reached XP level 5. HP: 24/32 MP: 5/5
  2131 | D:4      | Found Siczohan's Assorted Antiques.
  2160 | D:3      | Reached skill level 5 in Maces & Flails
  2242 | D:3      | Reached XP level 6. HP: 38/38 MP: 6/6
  2360 | D:3      | Reached skill level 3 in Armour
  2512 | D:3      | Reached skill level 4 in Fighting
  3567 | D:4      | Reached XP level 7. HP: 33/44 MP: 7/7
  3733 | D:4      | Reached skill level 6 in Maces & Flails
  3746 | D:4      | Bought a scroll labeled INUSAP INKI for 32 gold pieces
  3746 | D:4      | Bought a scroll labeled SAMOCA TEWY for 32 gold pieces
  3896 | D:4      | Found Peskek's General Store.
  4159 | D:5      | Entered Level 5 of the Dungeon
  4197 | D:5      | Reached skill level 4 in Armour
  4339 | D:5      | Noticed Duvessa
  4339 | D:5      | Noticed Dowan
  4353 | D:5      | Killed Duvessa
  4390 | D:5      | Killed Dowan
  4390 | D:5      | Reached skill level 5 in Fighting
  4679 | D:5      | Reached XP level 8. HP: 35/49 MP: 8/8
  4833 | D:5      | Found a white marble altar of Elyvilon.
  4953 | D:5      | Reached skill level 7 in Maces & Flails
  5044 | D:5      | Reached skill level 5 in Armour
  5412 | D:6      | Found a staircase to the Ecumenical Temple.
  5421 | Temple   | Entered the Ecumenical Temple
  5472 | Temple   | Became a worshipper of Makhleb the Destroyer
  5579 | D:6      | Got a translucent ring mail
  5590 | D:6      | Identified the cursed +1 ring mail of Darkness {+Blink
                  | rElec Str+4} (You found it on level 6 of the Dungeon)
  5741 | D:6      | Reached skill level 6 in Fighting
  5741 | D:6      | Reached skill level 8 in Maces & Flails
  6141 | D:6      | Found a bloodstained altar of Trog.
  6162 | D:6      | Noticed Menkaure
  6167 | D:6      | Killed Menkaure
  6167 | D:6      | Reached XP level 9. HP: 35/56 MP: 9/9
  6324 | D:6      | Found a shattered altar of Ashenzari.
  6528 | D:7      | Reached skill level 6 in Armour
  6780 | D:7      | Reached skill level 9 in Maces & Flails
  7116 | D:7      | Found Rimusmust's Distillery.
  7129 | D:7      | Reached skill level 7 in Fighting
  7524 | D:7      | Reached * piety under Makhleb
  7645 | D:8      | Noticed a two-headed ogre
  7666 | D:8      | Killed a two-headed ogre
  7666 | D:8      | Reached skill level 10 in Maces & Flails
  7666 | D:8      | Reached skill level 7 in Armour
  7666 | D:8      | Reached skill level 2 in Invocations
  7666 | D:8      | Reached XP level 10. HP: 42/64 MP: 11/11
  7721 | D:8      | Found a sand-covered staircase.
  7730 | Ossuary  | Entered an ossuary
  7876 | Ossuary  | Reached ** piety under Makhleb
  8131 | D:8      | Reached skill level 8 in Fighting
  8149 | D:8      | Reached skill level 3 in Invocations
  8209 | D:8      | Found a staircase to the Lair.
  8801 | D:9      | Reached skill level 8 in Armour
  8970 | D:9      | Reached skill level 11 in Maces & Flails
  8970 | D:9      | Reached skill level 4 in Invocations
  9245 | D:9      | Found a shadowy altar of Dithmenos.
  9440 | Lair:1   | Entered Level 1 of the Lair of Beasts
  9442 | Lair:1   | Noticed a spiny frog
  9467 | Lair:1   | Killed a spiny frog
  9629 | Lair:1   | Reached *** piety under Makhleb
  9704 | Lair:1   | Reached XP level 11. HP: 64/69 MP: 14/14
 10093 | Lair:1   | Reached skill level 9 in Fighting
 10282 | Lair:2   | Reached skill level 5 in Invocations
 10300 | Lair:2   | HP: 3/71 [komodo dragon (11)]
 10303 | Lair:2   | Slain by a komodo dragon

Levels and vault maps discovered:
D:1:      saegor_arrival_simple_d, layout_loops_corners
D:2:      layout_rooms, nrook_uturn, minmay_misc_feat_tiny,
          minmay_goblin_outpost
D:3:      layout_loops_cross, portal_sewer_entry_b
D:4:      layout_loops_ring, serial_shops, shop, nicolae_shop_crystal,
          kennysheep_mini
D:5:      layout_gridville, first_ration, serial_glass, glass_columns_a,
          glass_columns_b, elyvilon_altar_3, uniq_duvessa
D:6:      layout_gridville, overflow_temple_1_default,
          minmay_temple_entry_purple_smoke, trog_three_pillars_becter,
          uniq_menkaure
D:7:      layout_loops_corners, serial_shops, kennysheep_little_box
D:8:      layout_cave_pods, erik_lair_island, enter_ossuary_1
D:9:      layout_loops_ring, basic_altar, the_bakery
Temple:   nicolae_temple_the_god_donut
Lair:1:   layout_regular_city
Lair:2:   lemuel_slime, layout_misc_corridors, elwin_shoals_entry_rocks,
          eino_small_chamber_without_monster

Skill      XL: |  1  2  3  4  5  6  7  8  9 10 11 |
---------------+----------------------------------+-----
Armour         | 1 2 3 4 5 7 8 |  8.7
Fighting       | 3 4 5 6 7 8 9 |  9.0
Maces & Flails | 4 5 6 8 10 11 | 11.5
Invocations    | 2 4 5 |  5.0
Throwing       | |  1.7
Dodging        | |  2.4

Action                   |  1- 3 |  4- 6 |  7- 9 | 10-12 || total
-------------------------+-------+-------+-------+-------++-------
Melee: Flail             |   125 |   267 |   481 |   304 ||  1177
Throw: Dart              |       |       |       |     3 ||     3
       Throwing net      |       |       |       |     2 ||     2
Invok: Minor Destruction |       |       |       |     1 ||     1
       Lesser Servant of |       |       |       |     1 ||     1
  Use: Scroll            |     4 |     3 |    11 |       ||    18
  Eat: Chunk             |     2 |     7 |    15 |     7 ||    31
       Ration            |       |       |     2 |       ||     2
Armor: Leather armour    |    27 |       |       |       ||    27
       Chain mail        |    61 |   256 |   249 |    51 ||   617
       Ring mail         |       |       |    59 |       ||    59
       Troll leather arm |       |       |       |    49 ||    49
       Plate armour      |       |       |       |    52 ||    52
Dodge: Dodged            |    92 |   162 |   222 |   126 ||   602

Table legend:
 A = Non-vault XP
 B = Vault XP
 C = Vault XP percentage of total XP
 D = Non-vault monster count
 E = Vault monster count
 F = Vault count percentage of total count
                 A         B        C        D         E       F
            +---------+---------+-------+---------+---------+-------
      Total |    8615 |    1265 |  12.8 |     204 |      40 |  16.4
            +---------+---------+-------+---------+---------+-------
        D:1 |      39 |       0 |   0.0 |      23 |       0 |   0.0
        D:2 |      79 |      11 |  12.2 |      17 |       6 |  26.1
        D:3 |     275 |      31 |  10.1 |      30 |       5 |  14.3
        D:4 |     411 |       0 |   0.0 |      25 |       0 |   0.0
        D:5 |     627 |     221 |  26.1 |      15 |       2 |  11.8
        D:6 |     549 |     175 |  24.2 |      12 |       1 |   7.7
        D:7 |    1427 |       0 |   0.0 |      26 |       0 |   0.0
        D:8 |    1777 |     494 |  21.8 |      25 |       4 |  13.8
        D:9 |    1258 |     215 |  14.6 |      19 |       1 |   5.0
     Lair:1 |    1974 |       0 |   0.0 |      11 |       0 |   0.0
     Lair:2 |     199 |       0 |   0.0 |       1 |       0 |   0.0
    Ossuary |       0 |     118 | 100.0 |       0 |      21 | 100.0
            +---------+---------+-------+---------+---------+-------

Levels and vault maps discovered:
D:1:      saegor_arrival_simple_d, layout_loops_corners
D:2:      layout_rooms, nrook_uturn, minmay_misc_feat_tiny,
          minmay_goblin_outpost
D:3:      layout_loops_cross, portal_sewer_entry_b
D:4:      layout_loops_ring, serial_shops, shop, nicolae_shop_crystal,
          kennysheep_mini
D:5:      layout_gridville, first_ration, serial_glass, glass_columns_a,
          glass_columns_b, elyvilon_altar_3, uniq_duvessa
D:6:      layout_gridville, overflow_temple_1_default,
          minmay_temple_entry_purple_smoke, trog_three_pillars_becter,
          uniq_menkaure
D:7:      layout_loops_corners, serial_shops, kennysheep_little_box
D:8:      layout_cave_pods, erik_lair_island, enter_ossuary_1
D:9:      layout_loops_ring, basic_altar, the_bakery
Temple:   nicolae_temple_the_god_donut
Lair:1:   layout_regular_city
Lair:2:   lemuel_slime, layout_misc_corridors, elwin_shoals_entry_rocks,
          eino_small_chamber_without_monster

Table legend:
 A = Turns spent in this place as a percentage of turns spent in the entire game.
 B = Non-inter-level travel turns spent in this place as a percentage of non-inter-level travel turns spent in the entire game.
 C = Inter-level travel turns spent in this place as a percentage of turns spent in this place.
 D = Turns resting spent in this place as a percentage of non-inter-level travel turns spent in this place.
 E = Turns spent auto-exploring this place as a percentage of non-inter-level travel turns spent in this place.
 F = Non-inter-level travel turns spent in this place divided by the number of levels of this place that you've seen.
                   A       B       C       D       E      F
               +-------+-------+-------+-------+-------+----------------------
         Total | 100.0 | 100.0 |   4.4 |  20.6 |  57.2 | 757.4
       Dungeon |  89.1 |  88.9 |   4.7 |  22.5 |  55.6 | 972.1
        Temple |   0.6 |   0.5 |  10.3 |   0.0 |   0.0 |  52.0
          Lair |   8.4 |   8.6 |   2.3 |   0.0 |  82.6 | 421.5
       Ossuary |   2.0 |   2.1 |   0.0 |  31.7 |  34.7 | 202.0
               +-------+-------+-------+-------+-------+----------------------

Table legend:
 A = Kills in this place as a percentage of kills in entire the game.
 B = Kills by you in this place as a percentage of kills by you in the entire game.
 C = Kills by friends in this place as a percentage of kills by friends in the entire game.
 D = Other kills in this place as a percentage of other kills in the entire game.
 E = Experience gained in this place as a percentage of experience gained in the entire game.
 F = Experience gained in this place divided by the number of levels of this place that you have seen.
                   A       B       C       D       E      F
               +-------+-------+-------+-------+-------+----------------------
         Total | 100.0 | 100.0 |   N/A |   N/A | 100.0 | 760.0
       Dungeon |  86.5 |  86.5 |   N/A |   N/A |  76.8 | 843.2
          Lair |   4.9 |   4.9 |   N/A |   N/A |  22.0 | 1086.5
       Ossuary |   8.6 |   8.6 |   N/A |   N/A |   1.2 | 118.0
               +-------+-------+-------+-------+-------+----------------------
